AoeStats
← MZTK | Vasmart

Arabia

510046940Analyzed
4v4 RM · 2d ago on Sep 29, 2026· 33m 3s· 8 players
Game mode
Random Map
Map size
Large (8 player)
Population
200
Speed
Normal
Resources
Standard
Victory
Conquest
Starting age
Dark Age
Ending age
Imperial Age
RankedLock teamsTeams togetherTeam positionsShared explorationLock speedFull tech treeHidden civsTurbo modeCheats
Victory
Defeat
🇲🇽 Ethiopians · Mexico
1384
+8
🇲🇽 Hindustanis · Mexico
1309
+11
🇲🇽 Vietnamese · Mexico
1295
+11
🇲🇽 Poles · Mexico
1264
+13
🇺🇦 Saracens · Ukraine
1262
-13
🇨🇳 Tatars · China
1205
-11
🇨🇳 Persians · China
1172
-10
🇳🇿 Armenians · New Zealand
1133
-9
青柑普洱
6:02 Loom
8:17 Feudal Age
9:05 Double-Bit Axe
12:51 Horse Collar
19:32 Castle Age
19:31 Town Watch
24:00 Gold Mining
24:02 Fletching
24:28 Padded Archer Armor
26:28 Bow Saw
27:12 Bodkin Arrow
Don'tPushTheHorses
2:07 Loom
10:26 Feudal Age
15:04 Castle Age
14:12 Stone Mining
25:25 Scale Barding Armor
31:13 Forging
31:51 Bloodlines
scrawnny12
6:57 Loom
9:40 Feudal Age
10:40 Double-Bit Axe
11:05 Horse Collar
24:13 Castle Age
23:03 Fletching
25:43 Bodkin Arrow
Vtinglove
0:30 Loom
6:21 Loom
9:46 Feudal Age
10:44 Horse Collar
10:51 Double-Bit Axe
13:45 Forging
14:15 Scale Barding Armor
18:30 Bloodlines
25:07 Castle Age
28:10 Gold Mining
28:10 Stone Mining
28:58 Scale Mail Armor
MZTK l ROD
7:27 Loom
9:15 Feudal Age
10:18 Town Watch
13:29 Double-Bit Axe
16:00 Fletching
24:45 Castle Age
23:02 Padded Archer Armor
23:40 Horse Collar
25:23 Crossbowman
27:12 Bow Saw
27:35 Bodkin Arrow
28:07 Elite Skirmisher
30:26 Wheelbarrow
30:36 Thumb Ring
30:46 Town Patrol
MZTK | SUPERLALOSKI
5:07 Loom
6:48 Loom
9:09 Feudal Age
9:49 Double-Bit Axe
10:57 Horse Collar
15:57 Scale Barding Armor
20:54 Castle Age
19:29 Forging
20:02 Bloodlines
20:27 Fletching
20:37 Padded Archer Armor
22:01 Chain Barding Armor
21:03 Light Cavalry
21:54 Husbandry
23:09 Iron Casting
24:57 Wheelbarrow
24:08 Town Watch
30:26 Bow Saw
31:42 Gold Mining
MZTK | Puppet
5:39 Loom
8:48 Feudal Age
10:57 Double-Bit Axe
21:41 Castle Age
19:51 Gold Mining
19:42 Horse Collar
20:53 Scale Barding Armor
20:58 Forging
21:01 Bloodlines
22:37 Bow Saw
21:53 Light Cavalry
23:14 Husbandry
24:25 Heavy Plow
28:01 Fletching
28:12 Padded Archer Armor
28:36 Chain Barding Armor
MZTK | Vasmart
6:34 Loom
9:46 Feudal Age
13:19 Fletching
16:30 Padded Archer Armor
24:54 Castle Age
23:14 Gold Mining
23:47 Double-Bit Axe
25:35 Bodkin Arrow
25:01 Crossbowman
27:11 Leather Archer Armor
31:06 Wheelbarrow
32:28 Ballistics
Connection lost

Rejoining the realm…

Still unreachable

The connection could not be restored.

Session expired

The server has moved on; the page needs a fresh start.